 Dungeon Crawl Stone Soup version 0.22.0-49-gab54619674 (webtiles) character file.

32 JedernureinKreuz the Conjurer (level 3, 0/25 HPs)
             Began as a Gnoll Conjurer on Sept 8, 2018.
             Slain by Robin
             ... wielding a cursed -2 spear
              (2 damage)
             ... on level 2 of the Dungeon.
             The game lasted 00:03:07 (1020 turns).

JedernureinKreuz the Conjurer (Gnoll Conjurer)      Turns: 1020, Time: 00:03:08

Health: 0/25       AC:  2    Str: 10    XL:     3   Next: 27%
Magic:  7/9        EV: 14    Int: 18    God:
Gold:   15         SH:  0    Dex: 15    Spells: 11/12 levels left

rFire    . . .     SeeInvis .   e - +0 dagger
rCold    . . .     Gourm    .   (no shield)
rNeg     . . .     Faith    .   a - +0 robe
rPois    .         Spirit   .   (no helmet)
rElec    .         Reflect  .   (no cloak)
rCorr    .         Harm     .   (no gloves)
MR       .....                  (no boots)
Stlth    +++.......             (no amulet)
HPRegen  0.08/turn              (no ring)
MPRegen  0.11/turn              (no ring)

@: no status effects
A: distributed training, fangs 1, strong nose
a: no special abilities


You were on level 2 of the Dungeon.
You were not hungry.

You visited 1 branch of the dungeon, and saw 2 of its levels.

You collected 15 gold pieces.

Inventory:

Hand Weapons
 b - a +0 club
 e - a +0 dagger (weapon)
 h - a +0 spear
Missiles
 d - a throwing net (quivered)
Armour
 a - a +0 robe (worn)
Scrolls
 g - 2 scrolls of teleportation {unknown}
 j - a scroll of identify {unknown}
Potions
 f - a potion of lignification {unknown}
 i - a potion of heal wounds {unknown}
Comestibles
 c - 4 rations


   Skills:
 + Level 0.6 Fighting
 + Level 0.6 Short Blades
 + Level 0.6 Long Blades
 + Level 0.6 Axes
 + Level 0.6 Maces & Flails
 + Level 0.6 Polearms
 + Level 0.6 Staves
 + Level 0.6 Slings
 + Level 0.6 Bows
 + Level 0.6 Crossbows
 + Level 0.6 Throwing
 + Level 0.6 Armour
 + Level 4.5 Dodging
 + Level 4.1 Stealth
 + Level 0.6 Shields
 + Level 0.6 Unarmed Combat
 + Level 5.0 Spellcasting
 + Level 7.1 Conjurations
 + Level 0.4 Hexes
 + Level 0.4 Charms
 + Level 0.4 Summonings
 + Level 0.4 Necromancy
 + Level 0.4 Translocations
 + Level 0.4 Transmutations
 + Level 0.4 Fire Magic
 + Level 0.4 Ice Magic
 + Level 0.4 Air Magic
 + Level 0.4 Earth Magic
 + Level 0.4 Poison Magic
 + Level 0.8 Invocations
 + Level 0.6 Evocations


You had 11 spell levels left.
You knew the following spells:

 Your Spells              Type           Power        Failure   Level  Hunger
a - Magic Dart            Conj           ####         1%          1    None

Your spell library contained the following spells:

 Spells                   Type           Power        Failure   Level  Hunger
 Searing Ray              Conj           ####..       1%          2    #......
 Iskenderun's Mystic Bla  Conj           ####....     7%          4    ####...
 Dazzling Spray           Conj/Hex       ###...       9%          3    ##.....
 Force Lance              Conj/Tloc      ###.....     28%         4    ####...
 Fulminant Prism          Conj/Hex       ###.......   28%         4    ####...


Dungeon Overview and Level Annotations

Branches:
Dungeon (2/15)

Altars:
Yredelemnul

Annotations:
D:2 Robin


Innate Abilities, Weirdness & Mutations

Your experience applies equally to all skills.
You have very sharp teeth.
Your uncanny sense of smell can sniff out nearby items.


Message History

Aiming: Magic Dart (safe; 1% risk of failure)
Press: ? - help, Shift-Dir - straight line, f - goblin
Aim: a goblin, wielding a club (unusually strong)
The magic dart hits the goblin.
You kill the goblin!
Robin throws the goblin at you! The goblin misses you.
You closely miss the goblin. The goblin hits you.
* * * LOW HITPOINT WARNING * * *
Casting: Magic Dart (safe; 1% risk of failure)
Confirm with . or Enter, or press ? or * to list all spells.
Aiming: Magic Dart (safe; 1% risk of failure)
Press: ? - help, Shift-Dir - straight line, f - goblin
Aim: a goblin (unusually strong)
The magic dart hits the goblin.
The goblin is moderately wounded.
Robin hits you but does no damage. The goblin misses you.
You hit the goblin. Your punch misses the goblin.
The goblin is heavily wounded.
Robin hits you from afar with a spear.
You die...

######## #.#
........ #g#
.....# #.#
.....# #.#
.....##
..####g#
....#.#
#.#..).#
....#.#
#.#g####
#####)###.#
#.#)# #.....#
#.#@#
#.########.#g#
#........#.#.#
########.#.#.#
##...#.#
########....#.#
..........#.#.#
########..#.#.#
#..........#.#


You could see Robin and a goblin.

Vanquished Creatures
  A dart slug (D:1)
  A giant cockroach (D:1)
  9 goblins
  3 hobgoblins (D:1)
  4 kobolds
  A ball python (D:1)
  4 bats
  A frilled lizard (D:1)
  2 rats (D:1)
26 creatures vanquished.

Notes
Turn   | Place    | Note
-------+----------+-------------------------------------------
     0 | D:1      | JedernureinKreuz the Gnoll Conjurer began the quest for the
                  | Orb.
     0 | D:1      | Reached XP level 1. HP: 13/13 MP: 6/6
   244 | D:1      | Reached XP level 2. HP: 19/19 MP: 4/7
   728 | D:1      | Reached XP level 3. HP: 25/25 MP: 2/9
   928 | D:2      | Found a basalt altar of Yredelemnul.
   990 | D:2      | Noticed Robin
   998 | D:2      | Reached skill level 5 in Spellcasting
  1020 | D:2      | Slain by Robin

Skill      XL: |  1  2  3 |
---------------+----------+-----
Spellcasting   | 5 |  5.0
Fighting       | |  0.6
Short Blades   | |  0.6
Long Blades    | |  0.6
Axes           | |  0.6
Maces & Flails | |  0.6
Polearms       | |  0.6
Staves         | |  0.6
Slings         | |  0.6
Bows           | |  0.6
Crossbows      | |  0.6
Throwing       | |  0.6
Armour         | |  0.6
Dodging        | |  4.5
Stealth        | |  4.1
Shields        | |  0.6
Unarmed Combat | |  0.6
Conjurations   | |  7.1
Hexes          | |  0.4
Charms         | |  0.4
Summonings     | |  0.4
Necromancy     | |  0.4
Translocations | |  0.4
Transmutations | |  0.4
Fire Magic     | |  0.4
Ice Magic      | |  0.4
Air Magic      | |  0.4
Earth Magic    | |  0.4
Poison Magic   | |  0.4
Invocations    | |  0.8
Evocations     | |  0.6

Action                   || total
-------------------------++-------
Melee: Dagger            ||    24
       Bite              ||     1
 Cast: Magic Dart        ||    30
Armor: Robe              ||     3
Dodge: Dodged            ||    27
